Debil, chaotic male human Barbarian --.------------ ------------------------ |.............| |......................| |.............| |......................| ###@U..............| |..................(....######## |.............| ------------------.----- --------------- ## # ---- # |..| -----------.- #####.<.| |...........| # |..| |...........| # ---- |."......^...### ------------- Debil the Barbarian Experience level: 10 Strength: 18/02 Dexterity: 16 Constitution: 17 Intelligence: 7 Wisdom: 9 Charisma: 3 Health: 0(107) Energy: 27(27) Def: 11 Gold: 0 Moves: 12190 Dungeon seed [set]: Game ID: Debil_1685892935 Your Inventory: Weapons a - a blessed corroded +1 battle-axe (weapon in hands) y - 9 uncursed +0 elven arrows (in quiver) F - a blessed +2 orcish dagger W - an uncursed +1 orcish bow (alternate weapon; not wielded) Armor b - a cursed +0 pair of leather gloves (being worn) e - an uncursed +0 orcish helm (being worn) n - a blessed +1 oilskin cloak (being worn) z - a blessed greased +3 scale mail (being worn) J - an uncursed -2 pair of iron shoes (being worn) Comestibles d - an uncursed lizard corpse o - an uncursed K-ration R - an uncursed clove of garlic Scrolls l - an uncursed scroll of scare monster x - an uncursed scroll of earth O - an uncursed scroll of teleportation named 50 Wands f - an uncursed wand of slow monster (0:6) C - an uncursed wand of light (0:10) E - an uncursed wand of striking (0:6) Tools h - an uncursed stethoscope k - an uncursed skeleton key m - an uncursed mirror q - an uncursed bag of holding t - an uncursed towel u - an uncursed -4 unicorn horn P - an uncursed magic marker (0:97) Q - an uncursed tallow candle (0:200) S - an uncursed sack Gems r - an uncursed worthless piece of white glass Contents of the bag of holding: 5548 gold pieces a blessed [+0] dagger 29 uncursed poisoned [+0] orcish arrows an uncursed [+0] mummy wrapping an uncursed C-ration 6 uncursed food rations a [uncursed] lichen corpse an uncursed tin [of newt meat] an uncursed tin [of red mold] an uncursed scroll of consecration named 113 2 [uncursed] scrolls of create monster a blessed scroll of create monster named 100 a [cursed] scroll of earth a [blessed] scroll of enchant weapon an uncursed scroll of enchant weapon named 30 2 uncursed scrolls of gold detection named 50 a [uncursed] scroll of identify a [uncursed] scroll of light 2 uncursed scrolls of teleportation named 50 an uncursed potion of object detection named 75 a [uncursed] potion of oil a [uncursed] potion of paralysis an uncursed potion of sickness a [cursed] potion of sickness 2 [uncursed] potions of water a [cursed] [-1] ring of adornment a [uncursed] [-1] ring of increase damage an uncursed ring of polymorph a [uncursed] ring of regeneration a [uncursed] ring of see invisible an uncursed ring of teleport control named 150 an uncursed wand of create monster [0:14] a [uncursed] wand of opening [0:3] a [uncursed] wand of probing [0:4] a [uncursed] wand of slow monster [0:8] an uncursed wand of speed monster [0:5] an uncursed brass key an uncursed bronze key an uncursed credit card an uncursed magic whistle an uncursed [+0] pick-axe 3 uncursed tallow candles [0:200] an uncursed tin opener an uncursed jasper an uncursed luckstone an uncursed worthless piece of blue glass 2 uncursed worthless pieces of green glass 3 uncursed worthless pieces of orange glass 2 uncursed worthless pieces of red glass an uncursed worthless piece of violet glass Contents of the sack: a [cursed] ring of invisibility a [uncursed] ring of polymorph control a [uncursed] ring of teleport control Spells and supernatural/magical abilities: Name Level Category Fail Memory W - pray for help -- divine ? -- Your skills at the end: Miscellaneous Skills bare handed combat [Basic] Weapon Skills axe [Expert] short sword [Basic] bow [Basic] Spellcasting Skills Final Attributes: You were piously aligned. You were fire resistant. You were poison resistant. Your writing hand was cramped from overuse. You saw invisible. You were fast. You are dead. Vanquished creatures: a lurker above a ghost 2 giant mimics 3 small mimics a warhorse an ettin mummy 2 trolls a brown bear a sasquatch a stinking sphere a gelatinous cube a red naga a Grey-elf 2 pythons a black bear 3 wraiths a leather golem a soldier an incubus 2 giant beetles 5 wolves 2 black lights a leprechaun a spotted jelly a lizard 2 iron piercers a horse an ice vortex a vampire bat 2 forest centaurs a gnome king 2 Green-elves a yeti 2 gold golems a dingo a housecat 3 jaguars 3 dwarf lords a white unicorn 2 ravens 4 plains centaurs 18 pit vipers 4 apes 5 human zombies a rope golem a fire ant 2 yellow lights 9 bugbears 3 wood nymphs 9 Mordor orcs 9 Uruk-hai 12 orc shamans a rock mole 3 rock piercers 3 fog clouds a shrieker a violet fungus 12 gnome lords 5 gnomish wizards 2 kobold mummies 2 red naga hatchlings 2 golden naga hatchlings a gray ooze a ghoul 4 giant ants 3 puppies 2 floating eyes 3 kittens 21 dwarves a homunculus 2 kobold shamans 2 iguanas 23 hill orcs 10 rothes 2 rabid rats 8 jitterbugs 3 giant bats a monkey 7 orc zombies 4 dwarf zombies 2 werejackals 14 killer bees 13 coyotes 2 hobbits 2 acid blobs 4 large kobolds 7 geckos 17 hobgoblins 5 giant rats 3 cave spiders 2 brown molds 2 yellow molds 2 green molds 4 red molds 51 gnomes 10 garter snakes 24 manes a gnome zombie 3 jackals a fox 3 kobolds 6 newts 10 goblins 10 sewer rats 12 grid bugs 9 lichens 4 kobold zombies 492 creatures vanquished. Genocided species: mind flayers 1 species genocided. Voluntary challenges: You did not cause conflict. You were not invisible. You did not have reflection. You were not displaced. You had been an atheist until turn 2705. You did not donate to any temples.. You used a wielded weapon 639 times, starting on turn 2. You did not use sinks. You read items or engraved 20 times, starting on turn 1343. You genocided 1 type of monster, starting on turn 10934. You never polymorphed an object. You never changed form. You cheated 1 time but completed Sokoban on turn 10236. You used 1 wish, starting on turn 11147. You did not wish for any artifacts. You did not use any artifacts. You never split a pudding. You wrote Elbereth's name 6 times, starting on turn 1343. You never violated your personal moral code. Dungeon overview: The Dungeons of Doom: levels 1 to 15 Level 1 a vault a long staircase Level 2 Level 3 a potion shop stairs to The Gnomish Mines Level 4 a vault Level 5 a vault, a scroll shop, a fountain Level 6 a fountain Level 7 (leprecon and my money) an altar to Crom, a fountain, a sink Level 8 a vault Level 9 many fountains Level 10 (Barlog ex-my pet here) a jewelry store stairs to Sokoban Level 11 a vault, a fountain, a throne Level 12 Level 13 Level 14 a sink, a throne Level 15 (voice to quest) <- You were here portal to The Quest The Gnomish Mines: levels 4 to 11 Level 4 stairs to The Dungeons of Doom Level 5 Level 6 Level 7 some shops, a temple to Set, a magic chest, some fountains Level 8 Level 9 (polymorph trap) Level 10 Level 11 many altars to Set, a magic chest, some fountains The Quest: Level 1 portal to The Dungeons of Doom Sokoban: levels 6 to 9 Level 6 a magic chest Level 7 Level 8 Level 9 a magic chest stairs to The Dungeons of Doom History has recorded: On T:1 you entered the Dungeons of Doom to retrieve the Amulet of Yendor! On T:395 you reached level 2 of The Dungeons of Doom. On T:616 you reached level 3 of The Dungeons of Doom. On T:652 you advanced to experience level 2. On T:667 you reached level 1 of The Gnomish Mines. On T:856 you reached level 4 of The Dungeons of Doom. On T:953 you advanced to experience level 3. On T:1034 you reached level 5 of The Dungeons of Doom. On T:1154 you advanced to experience level 4. On T:1445 you reached level 6 of The Dungeons of Doom. On T:1736 you advanced to experience level 5. On T:1794 you reached level 7 of The Dungeons of Doom. On T:2243 you reached level 8 of The Dungeons of Doom. On T:2311 you advanced to experience level 6. On T:2467 you reached level 9 of The Dungeons of Doom. On T:2540 you advanced to experience level 7. On T:2705 you unlocked the Priest role by identifying an item's beatitude on an altar. On T:3349 you unlocked the fruit name option by eating a melon. On T:3398 you reached level 2 of The Gnomish Mines. On T:3487 you reached level 3 of The Gnomish Mines. On T:3743 you reached level 4 of The Gnomish Mines. On T:4094 you entered the Minetown temple On T:4094 you unlocked the Monk role by entering the Minetown temple. On T:4098 you advanced to experience level 8. On T:4553 you reached level 5 of The Gnomish Mines. On T:4625 you reached level 6 of The Gnomish Mines. On T:4628 you reached level 7 of The Gnomish Mines. On T:4926 you reached level 8 of The Gnomish Mines. On T:4926 you reached the bottom of the Mines. On T:4926 you unlocked the dwarven race by reaching the bottom of the Mines. On T:4926 you unlocked the race option by reaching the bottom of the Mines. On T:4926 you unlocked the showrace option by reaching the bottom of the Mines. On T:5110 you unlocked the Hoplite role by converting an altar's alignment. On T:5110 you unlocked the valkyrie race by converting an altar's alignment. On T:5188 you prayed to Set. On T:5191 you unlocked the Healer role by receiving holy water as a result of prayer. On T:5213 you advanced to experience level 9. On T:5638 you opened a magic chest. On T:7172 you prayed to Set. On T:8391 you reached level 10 of The Dungeons of Doom. On T:8409 you advanced to experience level 10. On T:8695 you reached level 4 of Sokoban. On T:8869 you reached level 3 of Sokoban. On T:8869 you unlocked the elven race by using stairs in Sokoban. On T:9312 you reached level 2 of Sokoban. On T:9570 you reached level 1 of Sokoban. On T:10185 you unlocked the Caveman role by digging. On T:10236 you entered the Sokoban zoo. On T:10236 you unlocked the Knight role by completing Sokoban without cheating. On T:10236 you unlocked the horse name option by completing Sokoban without cheating. On T:10552 you reached level 11 of The Dungeons of Doom. On T:10843 you unlocked the orcish race by entering a throne room. On T:10951 you reached level 12 of The Dungeons of Doom. On T:11147 you wished for "blessed greased +3 silver dragon scale mail". On T:11251 you prayed to Set. On T:11381 you reached level 13 of The Dungeons of Doom. On T:11600 you reached level 14 of The Dungeons of Doom. On T:11974 you reached level 15 of The Dungeons of Doom. On T:11974 you entered the Rogue tribute level. On T:12013 you unlocked the gnomish race by travelling via magic portal. On T:12013 you reached level 1 of The Quest. Score breakdown: Gold: 5548 ( 554 points) Experience: 10 levels ( 900 points) Exploration: 15 levels ( 420 points) Discoveries: 50 items ( 2000 points) Variety of kills: 107 monsters ( 2000 points) Major goal: Sokoban/Mines ( 1500 points) Survival: died (score multiplied by 3) Total score: 22122 Latest messages: Never mind. You swing your battle-axe in a wide arc. You kill the pit viper! The black bear mauls you! The black bear bites! The black bear misses. The black bear bites! You swing your battle-axe in a wide arc. You smite the black bear! The black bear mauls you! The black bear bites! You swing your battle-axe in a wide arc. You smite the black bear! The black bear mauls you! The black bear bites! You swing your battle-axe in a wide arc. You smite the black bear! The black bear mauls you! The black bear bites! You die... Final status: Goodbye Debil the Barbarian, killed by a black bear... You died in The Dungeons of Doom on dungeon level 15 with 22122 points, and 5548 pieces of gold, after 12190 moves. You were level 10 with a maximum of 107 hit points when you died.